 Dungeon Crawl Stone Soup version 0.24.0-13-gcf9b3192b9 (webtiles) character file.

Game seed: 13031112022418834721, levelgen mode: deterministic

28589 losten the Cleaver (level 13, -5/151 HPs)
             Began as a Demonspawn Berserker on Nov 9, 2019.
             Was an Elder of Trog.
             Engulfed by an ice statue's freezing vapour (11 damage)
             ... in an ice cave.
             The game lasted 00:54:34 (15605 turns).

losten the Cleaver (Demonspawn Berserker)          Turns: 15605, Time: 00:54:35

Health: -5/151     AC: 22    Str: 27    XL:     13   Next: 10%
Magic:  13/13      EV: 18    Int: 11    God:    Trog [****..]
Gold:   837        SH: 10    Dex: 19    Spells: 12/12 levels left

rFire    + + +     SeeInvis .   V - +4 great sword
rCold    x . .     Gourm    .   (shield currently unavailable)
rNeg     . . .     Faith    .   p - +5 fire dragon scales
rPois    +         Spirit   .   r - +2 hat
rElec    .         Reflect  +   b - scarf {repulsion}
rCorr    .         Harm     .   a - +0 pair of gloves
MR       +++..                  l - +2 pair of boots
Stlth    ..........             R - +6 amulet of reflection
HPRegen  1.35/turn              d - +6 ring of dexterity
MPRegen  0.13/turn              v - ring of Elleulel {*Contam rPois rF+ EV+3}

@: berserking, very slightly contaminated, regenerating, studying 2 skills,
repel missiles, very quick
A: hooves 2, large bone plates 1, clever 1, foul stench 2, magic resistance 1,
poison resistance, powered by death 1, rot immunity
a: Berserk, Trog's Hand, Brothers in Arms, Renounce Religion


You were in an ice cave.
You worshipped Trog.
Trog was greatly pleased with you.
You were near starving.

You visited 1 branch of the dungeon, and saw 14 of its levels.
You also visited: Ossuary, Bailey and Ice Cave.

You collected 1045 gold pieces.
You spent 208 gold pieces at shops.

Inventory:

Hand Weapons
 e - a +2 arbalest
 x - a +1 mace of crushing
 z - the +6 hand axe of Domination {freeze, rElec MR- Str+5 SInv}
   (You bought it in a shop on level 5 of the Dungeon)

   It has been specially enchanted to freeze those struck by it, causing extra
   injury to most foes and up to half again as much damage against particularly
   susceptible opponents.
   It can also slow down cold-blooded creatures.
   It affects your strength (+5).
   It insulates you from electricity.
   It affects your resistance to hostile enchantments.
   It lets you see invisible.
 V - a +4 great sword (weapon)
Missiles
 m - 217 bolts
 o - 77 poisoned darts
 q - 8 silver javelins (quivered)
 U - 8 javelins
Armour
 a - a +0 pair of gloves (worn)
 b - a scarf of repulsion (worn)
 l - a +2 pair of boots (worn)
 n - a +0 buckler
 p - +5 fire dragon scales (worn)
 r - a +2 hat (worn)
 N - a scarf of resistance
Jewellery
 d - a +6 ring of dexterity (left hand)
 v - the ring of Elleulel (right hand) {*Contam rPois rF+ EV+3}
   (You found it on level 4 of the Dungeon)

   [ring of evasion]

   It affects your evasion (+3).
   It protects you from fire.
   It protects you from poison.
   It causes magical contamination when unequipped.
 w - an uncursed amulet of the acrobat
 F - a +6 amulet of reflection
 I - an uncursed amulet of guardian spirit
 O - an uncursed ring of protection from fire {unknown}
 P - an uncursed ring of fire {unknown}
 R - a +6 amulet of reflection (around neck)
Wands
 j - a wand of polymorph (8)
 J - a wand of iceblast (26)
 K - a wand of acid (5)
 S - a wand of enslavement (5)
Scrolls
 f - 9 scrolls of teleportation
 s - 2 scrolls of fear
 y - 2 scrolls of fog
 H - a scroll of blinking
 T - a scroll of enchant weapon
Potions
 g - 3 potions of lignification
 h - 2 potions of heal wounds
 i - 3 potions of magic
 k - 4 potions of flight
 t - a potion of haste
 u - 2 potions of curing
 A - a potion of agility
 B - a potion of invisibility
 D - 2 potions of berserk rage
 L - 3 potions of might
 M - a potion of ambrosia {unknown}
 X - a potion of brilliance {unknown}
Books
 C - a manual of
Armour
 G - a manual of Shields
Comestibles
 c - 19 rations


   Skills:
 + Level 9.5 Fighting
 + Level 6.5 Long Blades
 + Level 11.3(11.8) Axes
 + Level 5.6(9.3) Maces & Flails
 + Level 1.2 Crossbows
 + Level 1.1 Throwing
 + Level 8.6 Armour
 + Level 6.4 Dodging
 + Level 2.4 Stealth
 + Level 11.0 Shields
 + Level 0.2 Unarmed Combat


You had 12 spell levels left.
You didn't know any spells.
Your spell library contained the following spells:

 Spells                   Type           Power        Failure   Level  Hunger
 Flame Tongue             Conj/Fire      #....        63%         1    ##.....
 Freeze                   Ice            #...         63%         1    ##.....
 Magic Dart               Conj           #...         63%         1    ##.....
 Shock                    Conj/Air       #...         63%         1    ##.....
 Summon Butterflies       Summ           #.......     63%         1    ##.....
 Searing Ray              Conj           #.....       77%         2    ###....
 Swiftness                Chrm/Air       #.......     77%         2    ###....
 Throw Flame              Conj/Fire      #.....       77%         2    ###....
 Throw Frost              Conj/Ice       #.....       77%         2    ###....
 Call Canine Familiar     Summ           #.......     94%         3    ####...
 Conjure Flame            Conj/Fire      #.......     94%         3    ####...
 Dazzling Spray           Conj/Hex       #.....       94%         3    ####...
 Inner Flame              Hex/Fire       #.......     94%         3    ####...
 Ozocubu's Armour         Chrm/Ice       #.......     94%         3    ####...
 Static Discharge         Conj/Air       #.......     94%         3    ####...
 Airstrike                Air            #.........   100%        4    #####..
 Force Lance              Conj/Tloc      #.......     100%        4    #####..
 Fulminant Prism          Conj/Hex       #.........   100%        4    #####..
 Iskenderun's Mystic Bla  Conj           #.......     100%        4    #####..
 Sticky Flame             Conj/Fire      #.......     100%        4    #####..
 Summon Ice Beast         Ice/Summ       #.......     100%        4    #####..
 Throw Icicle             Conj/Ice       #.......     100%        4    #####..
 Fireball                 Conj/Fire      #.........   100%        5    ######.
 Lightning Bolt           Conj/Air       #.........   100%        5    ######.
 Summon Mana Viper        Hex/Summ       #.......     100%        5    ######.
 Summon Hydra             Summ           #.........   100%        7    #######


Dungeon Overview and Level Annotations

Branches:
Dungeon (14/15)            Temple (0/1) D:6            Lair (0/6) D:9
    Orc (0/2) D:10        Ossuary (visited)          Bailey (visited)
  IceCv (1/1)
 Vaults: D:13-14

Altars:
Ashenzari
Hepliaklqana
Kikubaaqudgha
Makhleb
Qazlal
Wu Jian
Yredelemnul
The Shining One
Beogh

Shops:
D:5 (   D:11 :

Annotations:
IceCv exclusion: ice statue


Innate Abilities, Weirdness & Mutations

You have hoof-like feet.
You are partially covered in large bone plates. (SH +4)
You frequently emit foul miasma when damaged in melee.
You regenerate a little health from kills.
You are immune to rotting.
Your mind is acute. (Int +2)
You are resistant to hostile enchantments. (MR+)
Your system is resistant to poisons. (rPois)


Message History

You kill the ice beast!
A red film seems to cover your vision as you go berserk!
You feel yourself moving faster!
You feel mighty!
You are near starving!
You are engulfed in freezing vapours.
* * * LOW HITPOINT WARNING * * *
Your ogre is engulfed in freezing vapours.
An ogre simulacrum comes into view.
The ice statue gestures.
Your ogre is engulfed in freezing vapours.
Your ogre hits the ice statue but does no damage.
You slice the ice statue!!
The ice statue is heavily damaged.
You are engulfed in freezing vapours.
* * * LOW HITPOINT WARNING * * *
You are too berserk!
You hit the ice statue.
The ice statue is heavily damaged.
You are engulfed in freezing vapours.
You die...

#.#....#..#
##.##
.....#...###.##
#..##
.....#..##
....# ##..#
...8#####
....##..##
....# ....##.##
....# #....#..#
....# #.Y....##
...8# #.8O°^.#
...## #.○@○○##
...# #....###
..## #.Z....##
'## ##...## ..#
##.. ### ##


You could see an ice statue, an ice beast, an ogre simulacrum and a friendly
ogre (berserk).

Vanquished Creatures
  Gastronok (D:11)
  Erolcha (D:11)
  A death knight (D:13)
  A hydra (D:12)
  4 two-headed ogres
  An unseen horror (D:13)
  An orc knight (Bailey)
  Pikel (D:9)
  3 ugly things
  A deep elf mage (D:11)
  Joseph (D:9)
  Psyche (D:9)
  3 gargoyles
  5 freezing wraiths (IceCv)
  2 ice devils (D:14)
  4 trolls
  2 hornets (D:11)
  10 slime creatures
  2 hippogriffs
  2 wraiths (Ossuary)
  A spriggan (D:11)
  A wyvern (D:10)
  A shadow (D:11)
  2 water elementals (D:14)
  7 yaks
  Eustachio (D:6)
  6 vampire mosquitoes
  A hungry ghost (D:11)
  A death yak simulacrum (IceCv)
  Duvessa (D:6)
  3 porcupines (D:9)
  A slave (D:9)
  3 sky beasts
  16 orc warriors
  A black bear (D:9)
  9 ice beasts
  9 ogres
  An eye of draining (D:12)
  6 phantoms
  A crocodile (D:9)
  5 centaurs
  Blork the orc (D:4)
  5 bullfrogs
  Dowan (D:6)
  A wyvern skeleton (D:10)
  2 scorpions
  7 wights
  6 killer bees (D:8)
  4 crimson imps
  3 howler monkeys
  3 centaur zombies
  2 bullfrog zombies
  14 hounds
  2 jellies
  A draconian simulacrum (IceCv)
  18 orc wizards
  13 orc priests
  2 bullfrog skeletons
  A centaur skeleton (D:11)
  8 iguanas
  2 polar bear simulacra (IceCv)
  9 worker ants
  A wolf simulacrum (IceCv)
  2 centaur simulacra (IceCv)
  A hound skeleton (D:5)
  2 howler monkey skeletons
  3 gnolls (D:4)
  15 adders
  2 shadow imps
  5 white imps (IceCv)
  An ooze (D:2)
  2 adder zombies
  2 adder skeletons
  2 dart slugs (D:3)
  6 leopard geckos
  54 orcs
  10 bats
  3 giant cockroaches
  9 goblins
  10 hobgoblins
  8 jackals
  7 quokkas
  A ball python (D:3)
  2 ball python skeletons (Ossuary)
  5 frilled lizards
  2 hobgoblin skeletons (Ossuary)
  3 hobgoblin zombies
  2 jackal skeletons
  9 kobolds
  A kobold skeleton (D:7)
  3 kobold zombies (D:7)
  2 leopard gecko skeletons
  2 orc skeletons
  3 orc zombies
  A quokka skeleton (D:4)
  4 rats
  3 fungi (D:9)
  3 plants (D:9)
420 creatures vanquished.

Vanquished Creatures (collateral kills)
  5 freezing wraiths (IceCv)
  2 draconian simulacra (IceCv)
  A spriggan simulacrum (IceCv)
  3 centaur simulacra (IceCv)
  7 white imps (IceCv)
18 creatures vanquished.

Vanquished Creatures (others)
  A cyclops (D:11)
  An ice beast (IceCv)
  A centaur (D:12)
  4 fungi (D:9)
  A plant (D:9)
8 creatures vanquished.

Grand Total: 446 creatures vanquished

Notes
Turn   | Place    | Note
-------+----------+-------------------------------------------
     0 | D:1      | losten the Demonspawn Berserker began the quest for the
                  | Orb.
     0 | D:1      | Reached XP level 1. HP: 18/18 MP: 1/1
    94 | D:1      | Gained mutation: You are immune to rotting. [demonic
                  | ancestry]
    94 | D:1      | Reached XP level 2. HP: 18/24 MP: 2/2
   585 | D:1      | Reached ** piety under Trog
  1112 | D:2      | Noticed a scorpion
  1121 | D:2      | Killed a scorpion
  1121 | D:2      | Reached XP level 3. HP: 14/30 MP: 3/3
  1121 | D:2      | Reached XP level 4. HP: 18/37 MP: 4/4
  1724 | D:2      | Found a faded altar of an unknown god.
  1724 | D:2      | Found a hazy altar of Hepliaklqana.
  1738 | D:2      | Found an ancient bone altar of Kikubaaqudgha.
  1740 | D:2      | Found a faded altar of an unknown god.
  1741 | D:2      | Found a stormy altar of Qazlal.
  2902 | D:3      | Reached XP level 5. HP: 40/42 MP: 5/5
  2927 | D:3      | Reached skill level 1 in Stealth
  3551 | D:4      | Noticed Blork the orc
  3566 | D:4      | Killed Blork the orc
  3566 | D:4      | Gained mutation: You regenerate a little health from kills.
                  | [demonic ancestry]
  3566 | D:4      | Reached XP level 6. HP: 48/48 MP: 6/6
  3955 | D:4      | Found a shattered altar of Ashenzari.
  4159 | D:4      | Reached skill level 5 in Long Blades
  4159 | D:4      | Gained mutation: You may emit foul miasma when damaged in
                  | melee. [demonic ancestry]
  4159 | D:4      | Reached XP level 7. HP: 55/55 MP: 7/7
  4314 | D:4      | Got a vibrating jade ring
  4315 | D:4      | Identified the ring of Elleulel {*Contam rPois rF+ EV+3}
                  | (You found it on level 4 of the Dungeon)
  4714 | D:5      | Entered Level 5 of the Dungeon
  4810 | D:5      | Reached *** piety under Trog
  4810 | D:5      | Reached skill level 5 in Fighting
  5100 | D:5      | Reached skill level 1 in Shields
  5139 | D:5      | Reached XP level 8. HP: 62/62 MP: 8/8
  5191 | D:5      | Reached skill level 1 in Maces & Flails
  5561 | D:5      | Found a burning altar of Makhleb.
  5563 | D:5      | Noticed an Executioner
  5575 | D:5      | Found Defes's Antique Weapon Emporium.
  5583 | D:5      | Bought a slimy hand axe for 208 gold pieces
  5583 | D:5      | Identified the +6 hand axe of Domination {freeze, rElec MR-
                  | Str+5 SInv} (You bought it in a shop on level 5 of the
                  | Dungeon)
  5934 | D:6      | Noticed Duvessa
  5940 | D:6      | Noticed Dowan
  5960 | D:6      | Killed Duvessa
  5971 | D:6      | Killed Dowan
  5993 | D:6      | Gained mutation: You are resistant to hostile enchantments.
                  | (MR+) [potion of mutation]
  5993 | D:6      | Gained mutation: Your system is resistant to poisons.
                  | (rPois) [potion of mutation]
  5993 | D:6      | Gained mutation: Your mind is acute. (Int +2) [potion of
                  | mutation]
  6180 | D:6      | Found a sand-covered staircase.
  6195 | Ossuary  | Entered an ossuary
  6410 | Ossuary  | Noticed a flying skull
  6418 | Ossuary  | Noticed a flying skull
  6419 | Ossuary  | Noticed a flying skull
  6443 | Ossuary  | Noticed a flying skull
  6449 | Ossuary  | Noticed a flying skull
  6510 | Ossuary  | Reached skill level 5 in Maces & Flails
  6510 | Ossuary  | Gained mutation: You have large cloven feet. [demonic
                  | ancestry]
  6510 | Ossuary  | Reached XP level 9. HP: 16/69 MP: 9/9
  6867 | D:6      | Noticed Eustachio
  6883 | D:6      | Killed Eustachio
  6883 | D:6      | Reached skill level 1 in Axes
  7062 | D:6      | Found a basalt altar of Yredelemnul.
  7172 | D:6      | Found a staircase to the Ecumenical Temple.
  7340 | D:7      | Reached **** piety under Trog
  7359 | D:7      | Reached skill level 5 in Armour
  7370 | D:7      | Found an ornate altar of the Wu Jian Council.
  7394 | D:7      | Found a glowing golden altar of the Shining One.
  7627 | D:7      | Found a flagged portal.
  7638 | Bailey   | Entered a bailey
  8269 | Bailey   | Found a roughly hewn altar of Beogh.
  8269 | Bailey   | Noticed an orc knight
  8284 | Bailey   | Reached skill level 1 in Crossbows
  8298 | Bailey   | Killed an orc knight
  8298 | Bailey   | Gained mutation: You are partially covered in large bone
                  | plates. (SH +4) [demonic ancestry]
  8298 | Bailey   | Reached XP level 10. HP: 36/77 MP: 10/10
  9409 | D:8      | Reached ***** piety under Trog
  9498 | D:8      | Reached skill level 5 in Axes
  9895 | D:8      | Received a gift from Trog
 10389 | D:9      | Noticed Joseph
 10402 | D:9      | Killed Joseph
 10734 | D:9      | Reached skill level 5 in Dodging
 10772 | D:9      | Noticed Pikel
 10789 | D:9      | Killed Pikel
 10789 | D:9      | Reached skill level 5 in Shields
 10868 | D:9      | Found a staircase to the Lair.
 11022 | D:9      | Got a faintly glowing ring mail
 11033 | D:9      | Identified the cursed +0 ring mail of the Lizard {rN+ rCorr
                  | Str-5 Int+5} (You found it on level 9 of the Dungeon)
 11200 | D:9      | Noticed Psyche
 11204 | D:9      | Killed Psyche
 11204 | D:9      | Gained mutation: You frequently emit foul miasma when
                  | damaged in melee. [demonic ancestry]
 11204 | D:9      | Reached XP level 11. HP: 84/84 MP: 11/11
 11311 | D:10     | Entered Level 10 of the Dungeon
 11441 | D:10     | Found a staircase to the Orcish Mines.
 11833 | D:10     | Found a roughly hewn altar of Beogh.
 11914 | D:11     | Noticed Gastronok
 11942 | D:11     | Killed Gastronok
 11999 | D:11     | Noticed a two-headed ogre
 12021 | D:11     | Killed a two-headed ogre
 12045 | D:11     | Noticed a deep elf mage
 12049 | D:11     | Noticed Erolcha
 12062 | D:11     | Killed a deep elf mage
 12070 | D:11     | Killed Erolcha
 12216 | D:11     | Found Kiaxu's Book Shop.
 12262 | D:11     | Noticed a two-headed ogre
 12273 | D:11     | Killed a two-headed ogre
 12342 | D:11     | Got a smoking war axe
 12343 | D:11     | Identified the cursed +0 war axe "Cibbestie" {drain, Int+2
                  | SInv} (You found it on level 11 of the Dungeon)
 12371 | D:11     | Received a gift from Trog
 12413 | D:11     | Noticed a two-headed ogre
 12429 | D:11     | Killed a two-headed ogre
 12436 | D:11     | Gained mutation: You have hoof-like feet. [demonic
                  | ancestry]
 12436 | D:11     | Reached XP level 12. HP: 65/94 MP: 12/12
 12980 | D:12     | Received a gift from Trog
 13092 | D:12     | Noticed a five-headed hydra
 13100 | D:12     | Killed a five-headed hydra
 13100 | D:12     | Reached skill level 10 in Axes
 14164 | D:13     | Noticed a death knight
 14175 | D:13     | Killed a death knight
 14175 | D:13     | Reached skill level 10 in Shields
 14383 | D:13     | Reached skill level 1 in Throwing
 14796 | D:14     | Noticed a two-headed ogre
 14806 | D:14     | Killed a two-headed ogre
 14813 | D:14     | Found a frozen archway.
 14869 | IceCv    | Entered an ice cave
 15036 | IceCv    | Reached XP level 13. HP: 19/101 MP: 13/13
 15485 | IceCv    | Found an ancient bone altar of Kikubaaqudgha.
 15604 | IceCv    | HP: 5/151 [ice statue] (34)]
 15605 | IceCv    | Engulfed by an ice statue's freezing vapour

Levels and vault maps discovered:
D:1:      dpeg_arrival_three_same_balls, layout_basic
D:2:      minmay_diamond_boxcup, layout_basic,
          chequers_temple_overflow_minitemple, minmay_unequal
D:3:      layout_loops_ring, chequers_serial_rivers_micro_d,
          chequers_serial_rivers_small_a, serial_bayou_lagoon_b
D:4:      layout_rooms, nicolae_overflow_crystal_walls, uniq_blork_the_orc
D:5:      minmay_inner_zag, layout_loops_cross, makhleb_altar_promises_db,
          serial_shops, shop, first_ration, kennysheep_generic_room_4
D:6:      layout_loops_ring, lemuel_round_altar,
          minmay_temple_entry_glassed_door, nicolae_ossuary_entry_plus,
          uniq_duvessa, uniq_eustachio
D:7:      layout_basic, kennysheep_mini_moat, enter_bailey_2,
          minmay_door_square, nicolae_tso_besieged_by_evil
D:8:      layout_cave_pods
D:9:      layout_gridville, grunt_lair_entry_orc_guard_hut, uniq_pikel,
          uniq_joseph, uniq_psyche
D:10:     layout_basic, minmay_orc_entry_temple_small, serial_glass,
          glass_columns_b, glass_columns_a
D:11:     layout_roguey, serial_shops, shop_coins, hangedman_stone_soup,
          uniq_erolcha, uniq_gastronok
D:12:     layout_small_grid
D:13:     layout_long_grid, kennysheep_generic_room_13
D:14:     layout_basic, david_vaults_3, chequers_serial_rivers_large_b,
          portal_ice_cave_demonic_guard
IceCv:    ice_cave_small_necro

Skill      XL: |  1  2  3  4  5  6  7  8  9 10 11 12 13 |
---------------+----------------------------------------+-----
Long Blades    | 3 4 5 6 |  6.5
Armour         | 2 3 4 5 6 7 8 |  8.6
Dodging        | 2 3 4 5 6 |  6.4
Fighting       | 4 5 6 7 8 9 |  9.5
Stealth        | 1 2 |  2.4
Shields        | 1 2 5 8 10 11 | 11.0
Maces & Flails | 5 |  5.6
Axes           | 4 7 9 11 | 11.3
Crossbows      | 1 |  1.2
Throwing       | 1 |  1.1
Unarmed Combat | |  0.2

Action                   |  1- 3 |  4- 6 |  7- 9 | 10-12 | 13-15 || total
-------------------------+-------+-------+-------+-------+-------++-------
Melee: Falchion          |    63 |   256 |   104 |       |       ||   423
       Spear             |     6 |       |       |       |       ||     6
       Unarmed           |       |    16 |       |       |       ||    16
       Mace              |       |       |   113 |       |       ||   113
       Flail             |       |       |   180 |       |       ||   180
       Hand axe          |       |       |   161 |   481 |       ||   642
       War axe           |       |       |       |   339 |       ||   339
       Great sword       |       |       |       |    47 |    41 ||    88
 Fire: Arbalest          |       |       |    15 |       |       ||    15
Throw: Dart              |       |       |     2 |       |       ||     2
       Javelin           |       |       |       |    11 |       ||    11
Invok: Berserk           |     1 |     3 |     3 |     3 |     2 ||    12
       Trog's Hand       |       |     4 |     4 |     3 |     4 ||    15
       Brothers in Arms  |       |       |       |     2 |     3 ||     5
Evoke: Wand              |       |       |       |     1 |       ||     1
  Use: Scroll            |     2 |       |    17 |    12 |     1 ||    32
       Potion            |       |       |     2 |     2 |       ||     4
 Stab: Sleeping          |     1 |     1 |       |       |       ||     2
       Distracted        |       |       |       |     1 |       ||     1
  Eat: Chunk             |     1 |    10 |    11 |    20 |       ||    42
       Ration            |       |     1 |     2 |     3 |     2 ||     8
Armor: Animal skin       |    15 |    18 |       |       |       ||    33
       Fire dragon scale |       |   119 |   264 |   195 |    36 ||   614
       Scale mail        |       |     5 |       |       |       ||     5
       Skin              |       |       |     5 |       |       ||     5
Dodge: Dodged            |    58 |   179 |   456 |   414 |    52 ||  1159
       Deflected         |       |       |    10 |    16 |     1 ||    27
Block: Buckler           |       |    27 |   111 |   567 |       ||   705
       Reflection        |       |       |       |    18 |     1 ||    19
       Other             |       |       |       |    47 |    33 ||    80
       Rpst.: Falchion   |    14 |    61 |    10 |       |       ||    85
       Great sword       |       |       |       |    14 |     7 ||    21
